 Dungeon Crawl Stone Soup version 0.21.0 (webtiles) character file.

62 Jinx the Grave Robber (level 3, -2/27 HPs)
             Began as a Mummy Necromancer on May 19, 2018.
             Slain by a leopard gecko (3 damage)
             ... on level 3 of the Dungeon.
             The game lasted 00:05:48 (2138 turns).

Jinx the Grave Robber (Mummy Necromancer)           Turns: 2138, Time: 00:05:48

Health: -2/27      AC:  3    Str: 11    XL:     3   Next: 85%
Magic:  2/7        EV: 12    Int: 15    God:
Gold:   101        SH:  0    Dex: 12    Spells: 6/7 levels left

rFire    x . .     SeeInvis .   k - +0 falchion
rCold    + . .     Gourm    .   (no shield)
rNeg     + + +     Faith    .   a - +0 robe
rPois    ∞         Spirit   .   (no helmet)
rElec    .         Reflect  .   (no cloak)
rCorr    .         Harm     .   (no gloves)
MR       .....                  d - +0 pair of boots
Stlth    ++........             (no amulet)
HPRegen  0.09/turn              j - ring of wizardry
MPRegen  0.10/turn              (no ring)

@: no status effects
A: no food or potions, fire vulnerability, cold resistance 1, negative energy
resistance 3, torment resistance, unbreathing
a: no special abilities


You were on level 3 of the Dungeon.
You were not hungry.

You visited 1 branch of the dungeon, and saw 3 of its levels.

You collected 101 gold pieces.

Inventory:

Hand Weapons
 e - a +0 spear
 h - a +0 whip
 k - a +0 falchion (weapon)
Armour
 a - a +0 robe (worn)
 d - a +0 pair of boots (worn)
Jewellery
 j - a ring of wizardry (left hand)
 m - a cursed amulet of inaccuracy {unknown}
Scrolls
 c - 3 scrolls of identify {unknown}
 f - a scroll of remove curse {unknown}
 g - a scroll of random uselessness {unknown}
 i - a scroll of fog {unknown}
 l - a scroll of immolation {unknown}
Books
 b - a book of Necromancy

   Spells                             Type                      Level
   a - Pain                           Necromancy                   1
   b - Animate Skeleton               Necromancy                   1
   c - Vampiric Draining              Necromancy                   3
   d - Regeneration                   Charms/Necromancy            3
   e - Animate Dead                   Necromancy                   4
   f - Borgnjor's Vile Clutch         Necromancy/Earth             5


   Skills:
 + Level 1.9 Fighting
 * Level 1.1 Long Blades
 - Level 0.6 Maces & Flails
 - Level 1.5 Dodging
 - Level 1.5 Stealth
 - Level 2.6 Spellcasting
 + Level 4.5 Necromancy


You had 6 spell levels left.
You knew the following spells:

 Your Spells              Type           Power        Failure   Level  Hunger
a - Pain                  Necr           ###.         1%          1    N/A

Dungeon Overview and Level Annotations

Branches:
Dungeon (3/15)

Altars:

Annotations:
D:3 Capnfrog's ghost, amateur FeTm


Innate Abilities, Weirdness & Mutations

You do not eat or drink.
Your flesh is vulnerable to fire.
You are immune to poison.
Your flesh is cold resistant. (rC+)
You are immune to negative energy. (rN+++)
You are immune to unholy pain and torment.
You can survive without breathing.


Message History

The leopard gecko barely resists.
The leopard gecko bites you.
* * * LOW HITPOINT WARNING * * *
The leopard gecko bites you but does no damage.
Casting: Pain
Confirm with . or Enter, or press ? or * to list all spells.
Aiming: Pain
Press: ? - help, Shift-Dir - straight line, f/p - leopard gecko
Aim: a leopard gecko (almost dead, clinging, chance to defeat MR: 85%)
The leopard gecko writhes in agony!
You kill the leopard gecko!
The leopard gecko bites you.
* * * LOW HITPOINT WARNING * * *
You see here a leopard gecko corpse.
Casting: Pain
Confirm with . or Enter, or press ? or * to list all spells.
Aiming: Pain
Press: ? - help, Shift-Dir - straight line, f - leopard gecko
Aim: a leopard gecko (clinging, chance to defeat MR: 85%)
The leopard gecko writhes in agony!
The leopard gecko bites you.
You die...

...!...############.#
........#....# #....#
# #......#.##.#
#.####
#.#.#....#.##.###.#
...............#.##
####.##.#...........#
.............#.#.#..#
###.##(####.#.#.#..#
#(....@l)#.#.#.#..#
.....##.##.#.#.######
..#. .... ....## #
#.#.$ .#.# #.#..#.#.#
# ...#.# # ##.#.# ..


You could see a leopard gecko.

Vanquished Creatures
  2 adders (D:2)
  3 leopard geckos
  4 orcs
  2 giant cockroaches (D:2)
  3 goblins
  3 hobgoblins
  4 jackals (D:2)
  A quokka (D:3)
  3 bats
  2 frilled lizards
  4 kobolds
  5 rats
36 creatures vanquished.

Notes
Turn   | Place    | Note
-------+----------+-------------------------------------------
     0 | D:1      | Jinx the Mummy Necromancer began the quest for the Orb.
     0 | D:1      | Reached XP level 1. HP: 13/13 MP: 4/4
   445 | D:1      | You fall through a shaft!
   507 | D:2      | Reached skill level 1 in Fighting
   507 | D:2      | Reached XP level 2. HP: 18/21 MP: 3/5
  1603 | D:2      | Reached XP level 3. HP: 26/26 MP: 4/7
  1925 | D:2      | Reached skill level 1 in Long Blades
  2119 | D:3      | Noticed Capnfrog's ghost (amateur FeTm)
  2136 | D:3      | HP: 1/27 [leopard gecko (2)]
  2138 | D:3      | Slain by a leopard gecko

Skill      XL: |  1  2  3 |
---------------+----------+-----
Fighting       | 1 |  1.9
Long Blades    | 1 |  1.1
Maces & Flails | |  0.6
Dodging        | |  1.5
Stealth        | |  1.5
Spellcasting   | |  2.6
Necromancy     | |  4.5

Action                   || total
-------------------------++-------
Melee: Whip              ||    17
       Falchion          ||    44
 Cast: Pain              ||    55
 Stab: Sleeping          ||     1
Armor: Robe              ||    18
Dodge: Dodged            ||    61
       Rpst.: Falchion   ||    15
